 Dungeon Crawl Stone Soup version 0.28-a0-779-g3d1f99b579 (webtiles) character file.

Game seed: 14551522029675931996

457 ders the Skirmisher (level 7, -6/66 HPs)
             Began as a Gargoyle Fighter on Nov 2, 2021.
             Was an Initiate of Makhleb.
             Mangled by an ogre (18 damage)
             ... on level 4 of the Dungeon.
             The game lasted 00:08:42 (4197 turns).

ders the Skirmisher (Gargoyle Fighter)              Turns: 4197, Time: 00:08:43

Health: -6/66      AC: 27    Str: 22    XL:     7   Next: 6%
Magic:  7/7        EV:  2    Int:  8    God:    Makhleb [......]
Gold:   188        SH:  4    Dex:  9    Spells: 6/6 levels left

rFire   . . .      SeeInvis .   d - +1 falchion (holy)
rCold   . . .      Faith    .   c - +0 buckler
rNeg    + . .      Spirit   .   (armour currently unavailable)
rPois   ∞          Reflect  .   (helmet currently unavailable)
rElec   .          Harm     .   (cloak currently unavailable)
rCorr   .          Rampage  .   (gloves currently unavailable)
Will    .....      NoTele   +   (boots currently unavailable)
Stlth   +.........              (no amulet)
HPRegen 0.21/turn               g - +4 ring of protection
MPRegen 0.10/turn               (no ring)

@: tree-form, invisible
A: stationary, stasis, torment immunity, boosted hp, sickness immunity, AC +4,
negative energy resistance 1, (electricity resistance), torment resistance 1,
petrification resistance
a: Renounce Religion


You were on level 4 of the Dungeon.
You worshipped Makhleb.
Makhleb was noncommittal.
You were a tree.
You visited 1 branch of the dungeon, and saw 5 of its levels.

You collected 188 gold pieces.

Inventory:

Hand Weapons
 a - a +0 flail
 d - a +1 falchion of holy wrath (weapon)
Armour
 b - a +0 scale mail (melded)
 c - a +0 buckler (worn)
Jewellery
 g - a +4 ring of protection (left branch)
 q - a ring of wizardry
Scrolls
 f - 4 scrolls of identify {unknown}
 i - 2 scrolls of enchant weapon {unknown}
 k - a scroll of magic mapping {unknown}
 l - a scroll of fog {unknown}
 n - a scroll of teleportation {unknown}
Potions
 j - a potion of lignification
 m - a potion of curing {unknown}
 o - a potion of mutation {unknown}
 p - a potion of attraction {unknown}
 r - a potion of degeneration {unknown}


   Skills:
 * Level 5.2 Fighting
 * Level 1.3 Long Blades
 - Level 3.7 Maces & Flails
 - Level 4.9 Armour
 - Level 4.8 Shields


You had 6 spell levels left.
You didn't know any spells.
Your spell library was empty.

Dungeon Overview and Level Annotations

Branches:
Dungeon (5/15)
 Temple: D:4-7

Altars:
Cheibriados
Makhleb
Qazlal
Yredelemnul
The Shining One


Innate Abilities, Weirdness & Mutations

You are a tree.
Your roots penetrate the ground, keeping you stationary.
You cannot be teleported.
You are immune to unholy pain and torment.
Your maximum health is greatly increased.
Your equipment is partially melded.
You are immune to sickness and miasma.
((Your stone body is resilient. (AC +4)))
You are immune to poison.
You resist negative energy. (rN+)
((You are resistant to electric shocks. (rElec)))
You are resistant to unholy torment.
You are immune to petrification.


Message History

No target in view!
No target in view!
No target in view!
No target in view!
No target in view!
No target in view!
No target in view!
No target in view!
Found a leather armour.
Found an escape hatch in the ceiling.
Found a stone staircase leading down.
There is an escape hatch in the ceiling here.
An ogre comes into view. It is wielding a +0 giant club.
The ogre moves out of view.
No target in view!
An ogre is nearby!
Found a stormy altar of Qazlal.
The ogre hits you with a +0 giant club!!
Ouch! That really hurt!
There is an escape hatch in the ceiling here.
The ogre hits you with a +0 giant club. A mysterious force pulls you upwards.
The hatch slams shut behind you.
An ogre is nearby!
It was a potion of lignification.
You turn into a tree.
Your +0 scale mail melds into your body.
Your roots penetrate the ground.
You hit the ogre.
The ogre is lightly wounded.
The ogre hits you with a +0 giant club!
* * * LOW HITPOINT WARNING * * *
You slash the ogre!
The ogre is moderately wounded.
The ogre hits you with a +0 giant club.
* * * LOW HITPOINT WARNING * * *
It was a potion of flight.
Your roots keep you in place.
The ogre hits you with a +0 giant club.
* * * LOW HITPOINT WARNING * * *
It was a potion of invisibility.
You fade into invisibility!
The ogre hits you with a +0 giant club!!
You die...

### ##...## ..# ########.....##
### #.....>.......#
##################.[...........#
...............................#
##............................##
###...##.....####............##
####.....#.#####..............#
##..........#...♣O.............##
...##.......#.####..............#
#####.........##....>...........#
##.........†.....######.....)...#
..........#..##### #.........#
#..##.....#...#########........>#
...##.....#.....................#
...##.......#.......###.........#
.###...........[....###.........#


You could see an ogre.

Vanquished Creatures
  Pargi (D:3)
  An ice beast (D:3)
  A scorpion (D:4)
  A howler monkey (D:4)
  A hound (D:4)
  An orc wizard (D:2)
  2 adders
  An ufetubus (D:5)
  4 worms
  2 dart slugs (D:2)
  4 orcs
  6 bats
  5 endoplasms
  4 giant cockroaches
  11 goblins
  4 hobgoblins
  10 quokkas
  2 frilled lizards
  5 kobolds
  12 rats
78 creatures vanquished.

Notes
Turn   | Place    | Note
-------+----------+-------------------------------------------
     0 | D:1      | ders the Gargoyle Fighter began the quest for the Orb.
     0 | D:1      | Reached XP level 1. HP: 14/14 MP: 1/1
   321 | D:1      | Reached XP level 2. HP: 9/19 MP: 2/2
   730 | D:1      | Reached XP level 3. HP: 23/23 MP: 3/3
  1253 | D:1      | Found a faded altar of an unknown god.
  1562 | D:2      | Reached XP level 4. HP: 29/29 MP: 4/4
  2072 | D:3      | Reached skill level 4 in Fighting
  2256 | D:3      | Noticed Pargi
  2299 | D:2      | Reached XP level 5. HP: 9/33 MP: 5/5
  2563 | D:3      | Killed Pargi
  3000 | D:3      | Reached XP level 6. HP: 39/39 MP: 6/6
  3212 | D:3      | Found a burning altar of Makhleb.
  3252 | D:3      | Became a worshipper of Makhleb the Destroyer
  3343 | D:4      | Noticed an ice beast
  3486 | D:3      | Killed an ice beast
  3792 | D:4      | Reached skill level 5 in Fighting
  3848 | D:4      | Found a glowing golden altar of the Shining One.
  3923 | D:4      | Reached skill level 1 in Long Blades
  3923 | D:4      | Reached XP level 7. HP: 36/44 MP: 7/7
  4000 | D:4      | Found a snail-covered altar of Cheibriados.
  4006 | D:4      | Found a basalt altar of Yredelemnul.
  4158 | D:5      | Entered Level 5 of the Dungeon
  4186 | D:5      | Found a stormy altar of Qazlal.
  4197 | D:4      | Mangled by an ogre

Illustrated notes

Levels and vault maps discovered:
D:1:      giann_wishing_wells, layout_basic,
          shapermc_ecumenical_altar_mp_vishouse, minmay_misc_feat_tower,
          minmay_misc_feat_plants, minmay_misc_feat_secret_circle,
          minmay_cut_off
D:2:      layout_basic
D:3:      layout_basic, mainiacjoe_overflow_brackets, minmay_misc_feat_roman,
          uniq_pargi
D:4:      layout_rooms, mainiacjoe_overflow_24_doors, minitemple
D:5:      cheibrodos_fertilizer, layout_loops_ring,
          mainiacjoe_overflow_tiny_flanked, lemuel_tele_altar,
          mainiacjoe_overflow_surrounded_room, minmay_temple_entry_statues,
          st_stairs_5, minivault_19, minmay_misc_feat_room

Skill      XL: |  1  2  3  4  5  6 |
---------------+-------------------+-----
Armour         | 4 |  4.9
Fighting       | 4 5 |  5.2
Shields        | 4 |  4.8
Maces & Flails | 3 |  3.7
Long Blades    | 1 |  1.3

Action                   |  1- 3 |  4- 6 |  7- 9 || total
-------------------------+-------+-------+-------++-------
Melee: Flail             |   146 |   152 |       ||   298
       Falchion          |       |    17 |     8 ||    25
  Use: Potion            |       |     1 |     3 ||     4
Armor: Scale mail        |    92 |   123 |    10 ||   225
Dodge: Dodged            |    73 |   104 |     3 ||   180
Block: Buckler           |    40 |    46 |       ||    86

Table legend: (Time is in decaauts)
 A = Elapsed time spent in this place.
 B = Non-inter-level travel time spent in this place.
 C = Inter-level travel time spent in this place.
 D = Time resting spent in this place.
 E = Time spent auto-exploring this place.
 F = Levels seen in this place.
 G = Mean time per level.
                   A        B        C        D        E       F      G
               +--------+--------+--------+--------+--------+-----+--------+
         Total |   4287 |   3897 |    390 |    923 |   2140 |   5 |  857.4 |
       Dungeon |   4287 |   3897 |    390 |    923 |   2140 |   5 |  857.4 |
               +--------+--------+--------+--------+--------+-----+--------+

Top non-repeatable levels by time:
     D:3: 1370 daAuts
     D:1: 1365 daAuts
     D:2: 941 daAuts
     D:4: 575 daAuts
     D:5: 35 daAuts
